 Dungeon Crawl Stone Soup version 0.29-a0-409-gd843f3a48c (webtiles) character file.

Game seed: 2322949986542752350

40 Pelinal the Changer (level 3, -1/17 HPs)
             Began as a Vine Stalker Transmuter on May 14, 2022.
             Slain by an iguana (9 damage)
             ... on level 2 of the Dungeon.
             The game lasted 00:02:04 (1864 turns).

Pelinal the Changer (Vine Stalker Transmuter)       Turns: 1864, Time: 00:02:05

Health: -1/17      AC:  2    Str: 12    XL:     3   Next: 50%
Magic:  0/7        EV: 12    Int: 13    God:
Gold:   68         SH:  0    Dex: 22    Spells: 5/6 levels left

rFire   . . .      SeeInvis .     - Unarmed
rCold   . . .      Faith    .   (no shield)
rNeg    . . .      Spirit   +   a - +0 robe
rPois   .          Reflect  .   (helmet currently unavailable)
rElec   .          Harm     .   (no cloak)
rCorr   .          Rampage  .   (no gloves)
Will    .....                   (boots currently unavailable)
Stlth   ++........              (no amulet)
HPRegen 0.05/turn               f - +6 ring of dexterity
MPRegen 0.10/turn               (no ring)

@: appendages (expiring)
A: horns 2, talons 2, fangs 2, magic shield, antimagic bite, no potion heal 2
a: End Transformation


You were on level 2 of the Dungeon.
You had temporarily grown beastly horns and talons.
You visited 1 branch of the dungeon, and saw 2 of its levels.

You collected 68 gold pieces.

Inventory:

Armour
 a - a +0 robe (worn)
Jewellery
 f - a +6 ring of dexterity (left hand)
Scrolls
 d - a scroll of blinking {unknown}
 g - a scroll of silence {unknown}
Potions
 b - a potion of lignification
 c - a potion of curing {unknown}
 e - a potion of brilliance {unknown}
 h - a potion of heal wounds {unknown}


   Skills:
 - Level 0.9 Fighting
 - Level 1.6 Dodging
 - Level 3.0 Unarmed Combat
 - Level 2.2 Spellcasting
 + Level 3.7 Transmutations


You had 5 spell levels left.
You knew the following spells:

 Your Spells              Type           Power      Damage    Failure   Level
a - Beastly Appendage     Tmut           22%        N/A       5%          1

Your spell library contained the following spells:

 Spells                   Type           Power      Damage    Failure   Level
 Wereblood                Tmut           11%        N/A       9%          2
 Spider Form              Tmut/Pois      6%         N/A       34%         3
 Ice Form                 Ice/Tmut       6%         N/A       75%         4


Dungeon Overview and Level Annotations

Branches:
Dungeon (2/15)

Altars:


Innate Abilities, Weirdness & Mutations

You have temporarily grown beastly horns and talons.
You have extremely sharp teeth.
When hurt, damage is shared between your health and your magic reserves.
Your bite disrupts and absorbs the magic of your enemies.
Potions cannot restore your health.


Message History

There is an open door here.
An iguana comes into view.
An iguana is nearby!
Unknown command.
Casting: Beastly Appendage (safe; 5% risk of failure)
Confirm with . or Enter, or press ? or * to list all spells.
You grow a pair of large bovine horns.
Your feet morph into talons.
The iguana barely misses you.
You closely miss the iguana. The iguana bites you!
You hit the iguana. Your headbutt misses the iguana. You bite the iguana.
You drain its power.
You feel invigorated.
The iguana is lightly wounded.
The iguana bites you.
You are too injured to fight recklessly!
You are too injured to fight recklessly!
Unknown command.
Really quaff the potion of lignification?
Okay, then.
You closely miss the iguana.
The iguana is lightly wounded.
The iguana barely misses you.
You hit the iguana but do no damage. You bite the iguana, but do no damage.
The iguana is lightly wounded.
The iguana closely misses you.
You hit the iguana but do no damage. You headbutt the iguana.
The iguana is heavily wounded.
The iguana completely misses you.
You hit the iguana but do no damage. Your kick misses the iguana.
You headbutt the iguana, but do no damage.
The iguana is heavily wounded.
The iguana barely misses you.
You hit the iguana.
The iguana is heavily wounded.
The iguana misses you.
You hit the iguana. You headbutt the iguana.
The iguana is severely wounded.
Your transformation is almost over.
The iguana bites you!
Ouch! That really hurt!
You die...

#..#.#####......## #
#..#.#............
#.#..#........######
###.#.##...#.##.#
#..........#.##.#
#.#.#.#....#.##.#
#.#.#....#.##.#
#........#.##.#
#..@..#..#....#
#.#l.....#..###
#.#.#....#..
#.#.#.#### # #.#..
#.#.## #.# #.# #.#


You could see an iguana.

Vanquished Creatures
  An adder (D:2)
  A worm (D:2)
  An endoplasm (D:1)
  2 giant cockroaches
  2 goblins (D:1)
  5 hobgoblins
  A kobold (D:2)
  A quokka (D:1)
  4 ball pythons
  2 bats (D:1)
  5 frilled lizards (D:1)
  2 rats (D:1)
27 creatures vanquished.

Notes
Turn   | Place    | Note
-------+----------+-------------------------------------------
     0 | D:1      | Pelinal the Vine Stalker Transmuter began the quest for the
                  | Orb.
     0 | D:1      | Reached XP level 1. HP: 9/9 MP: 4/4
   421 | D:1      | Reached XP level 2. HP: 14/14 MP: 4/6
  1451 | D:2      | Reached XP level 3. HP: 11/17 MP: 4/7
  1864 | D:2      | Slain by an iguana

Illustrated notes

Levels and vault maps discovered:
D:1:      heliophobic_arrival_battle_scene, layout_loops_corners, minivault_24
D:2:      layout_basic, uniq_terence

Skill      XL: |  1  2 |
---------------+-------+-----
Transmutations | 3 |  3.7
Fighting       | |  0.9
Dodging        | |  1.6
Unarmed Combat | |  3.0
Spellcasting   | |  2.2

Action                   || total
-------------------------++-------
Melee: Unarmed           ||    56
       Kick              ||    11
       Headbutt          ||    13
       Bite              ||    12
       Punch             ||     1
 Cast: Beastly Appendage ||    21
  Use: Scroll            ||     1
       Potion            ||     1
 Stab: Sleeping          ||     1
Armor: Robe              ||     6
       Skin              ||     1
Dodge: Dodged            ||    29

Table legend: (Time is in decaauts)
 A = Elapsed time spent in this place.
 B = Non-inter-level travel time spent in this place.
 C = Inter-level travel time spent in this place.
 D = Time resting spent in this place.
 E = Time spent auto-exploring this place.
 F = Levels seen in this place.
 G = Mean time per level.
                   A        B        C        D        E       F      G
               +--------+--------+--------+--------+--------+-----+--------+
         Total |   1861 |   1828 |     33 |    408 |   1199 |   2 |  930.5 |
       Dungeon |   1861 |   1828 |     33 |    408 |   1199 |   2 |  930.5 |
               +--------+--------+--------+--------+--------+-----+--------+

Top non-repeatable levels by time:
     D:1: 1356 daAuts
     D:2: 505 daAuts
